Map: Dusk Towers

Players

Jakamakala - Winner!

  • Race: Terran Terran
  • League: Grandmaster

Ryan

  • Race: Protoss Protoss
  • League: Master

VOD

Have the link to the VOD?

Description

Time

  • Played on: Jan. 8, 2016, 7:34 p.m.
  • Length: 11:13
Show
View Real Time Build Order
Export as new Build Order

Jakamakala Terran - Winner!

Build Orders: Liberator Opening, MMM Bio 

Get SALT Encoding   

  12  0:01  SCV  
  13  0:13  SCV  
  14  0:18  Supply Depot  
  14  0:25  SCV  
  15  0:39  SCV  
  16  0:43  Barracks  
  16  0:46  Refinery  
  16  0:51  SCV  
  17  1:03  SCV  
  18  1:16  SCV  
  18  1:17  Refinery  
  19  1:31  Reaper, Orbital Command  
  20  1:47  Supply Depot  
  20  1:55  Factory  
  20  1:58  SCV  
  21  2:03  Reaper  
  22  2:16  SCV  
  23  2:28  SCV  
  24  2:40  Factory Tech Lab  
  24  2:43  SCV, Engineering Bay  
  25  2:47  Starport  
  25  2:56  SCV  
  26  3:00  Cyclone  
  29  3:07  Supply Depot  
  29  3:08  SCV  
  29  3:11  Liberator  
  30  3:14  Missile Turret  
  33  3:40  SCV  
  32  3:45  Siege Tank  
  32  3:47  Command Center  
  35  3:52  Barracks  
  35  3:54  Barracks  
  35  4:00  SCV, Liberator  
  35  4:02  Supply Depot  
  39  4:27  Barracks Reactor  
  39  4:28  SCV  
  40  4:35  Bunker  
  40  4:36  Supply Depot  
  40  4:38  Supply Depot  
  40  4:42  Marine  
  41  4:47  Stimpack  
  41  4:48  Marauder  
  41  4:50  Hellion  
  45  4:54  Supply Depot  
  45  5:01  Orbital Command  
  45  5:14  Marauder, Marine x2  
  46  5:17  SCV  
  50  5:27  Factory Reactor  
  50  5:28  Barracks Tech Lab, Medivac  
  52  5:34  Marine x2  
  54  5:39  SCV x2  
  56  5:45  Marauder  
  58  5:55  Marine x2  
  58  5:56  Combat Shields, Marauder  
  62  6:05  SCV  
  62  6:07  Widow Mine x2  
  62  6:08  SCV  
  68  6:12  Refinery  
  68  6:17  SCV  
  69  6:20  SCV  
  69  6:21  Medivac  
  69  6:23  Marine x2  
  74  6:28  Supply Depot  
  74  6:29  SCV  
  74  6:32  SCV  
  76  6:38  Liberator  
  76  6:41  SCV  
  76  6:42  Marine x2  
  76  6:43  Marauder x2  
  83  6:48  SCV  
  83  6:51  Refinery  
  83  6:52  Supply Depot  
  83  6:53  SCV  
  85  7:00  SCV  
  89  7:10  Concussive Shells, Marauder  
  89  7:14  Terran Infantry Weapons Level 1  
  89  7:15  SCV  
  92  7:17  Marine x2  
  92  7:18  Marauder  
  96  7:32  Liberator  
  96  7:38  Marine x2  
  96  7:39  Marauder  
  100  7:47  Supply Depot x2  
  100  7:49  Factory Reactor, Marauder  
  100  7:51  Medivac  
  101  7:57  SCV x2  
  103  8:00  Supply Depot x2  
  103  8:05  Marine  
  103  8:06  Liberator, Marine  
  103  8:10  Barracks  
  103  8:11  Marine  
  103  8:12  Barracks  
  106  8:24  Marauder, Marine x2  
  113  8:27  Widow Mine  
  112  8:39  Marauder  
  109  8:42  Marine  
  109  8:48  Marine  
  109  8:49  Marauder  
  109  8:55  Widow Mine  
  112  8:57  Marine  
  112  8:59  Marine  
  112  9:00  Liberator, Marauder, Marine  
  117  9:06  Marine  
  117  9:07  Widow Mine  
  120  9:10  Marauder  
  120  9:15  Marine  
  123  9:17  Marine  
  123  9:18  Marine  
  123  9:21  Marine  
  129  9:24  Marine  
  127  9:31  Marauder  
  127  9:35  Marine x2  
  127  9:37  Marine  
  131  9:39  Marauder  
  130  9:52  Widow Mine  
  114  9:53  Marauder  
  114  9:57  Marine  
  112  10:01  Marauder, Medivac  
  116  10:12  Medivac  
  119  10:14  Marauder  
  119  10:17  Marine x2  
  119  10:18  Marine  
  122  10:22  Marauder  
  122  10:25  Orbital Command, Marine  
  122  10:26  Widow Mine x2  
  129  10:35  Marine x2  
  132  10:36  Marauder  
  132  10:40  Marine  
  134  10:43  Marauder  
  134  10:49  Marine  
  137  10:53  Marine  
Show
View Real Time Build Order
Export as new Build Order

Ryan Protoss 

Build Orders:  

Get SALT Encoding   

  12  0:08  Pylon  
  12  0:13  Probe (Chrono Boost)  
  13  0:26  Gateway  
  13  0:30  Probe (Chrono Boost)  
  14  0:40  Probe (Chrono Boost)  
  15  0:44  Assimilator  
  15  0:51  Probe (Chrono Boost)  
  15  0:54  Assimilator  
  16  1:02  Probe (Chrono Boost)  
  17  1:12  Probe (Chrono Boost)  
  17  1:15  Cybernetics Core  
  18  1:23  Probe (Chrono Boost)  
  19  1:33  Probe (Chrono Boost)  
  19  1:39  Gateway, Zealot (Chrono Boost)  
  22  1:51  Pylon  
  22  2:09  Mothership Core (Chrono Boost), Adept (Chrono Boost)  
  22  2:15  Warp Gate (Chrono Boost)  
  25  2:28  Probe (Chrono Boost)  
  25  2:39  Probe (Chrono Boost)  
  26  2:46  Adept x2  
  26  2:49  Probe (Chrono Boost)  
  31  2:58  Pylon  
  30  3:00  Probe (Chrono Boost)  
  29  3:17  Probe (Chrono Boost)  
  30  3:26  Gateway  
  30  3:27  Gateway  
  30  3:28  Probe  
  29  3:57  Probe  
  29  4:02  Twilight Council, Nexus  
  30  4:09  Probe  
  29  4:30  Stalker x2  
  29  4:31  Stalker  
  35  4:35  Pylon  
  35  4:39  Blink (Chrono Boost)  
  35  4:44  Pylon  
  35  4:55  Stalker  
  37  5:02  Probe  
  38  5:14  Probe x2  
  40  5:25  Probe  
  40  5:26  Probe  
  42  5:30  Stalker x2  
  42  5:35  Probe  
  46  5:38  Probe  
  48  5:46  Probe  
  49  5:56  Probe  
  49  5:57  Probe  
  51  6:07  Probe  
  51  6:09  Probe  
  52  6:11  Stalker  
  52  6:12  Stalker x2  
  52  6:17  Probe  
  57  6:21  Probe  
  59  6:28  Probe  
  59  6:33  Probe  
  59  6:35  Nexus  
  59  6:39  Pylon  
  60  6:40  Probe  
  60  6:41  Pylon  
  60  6:45  Probe  
  62  6:47  Assimilator  
  62  6:49  Assimilator  
  62  6:50  Probe  
  63  6:57  Resonating Glaives (Chrono Boost)  
  63  6:58  Probe  
  64  7:04  Adept  
  64  7:05  Adept  
  68  7:14  Probe  
  69  7:16  Probe  
  70  7:26  Probe  
  70  7:27  Probe  
  64  7:38  Probe  
  65  7:47  Probe  
  65  7:50  Probe  
  65  7:51  Probe, Robotics Facility  
  67  7:58  Probe  
  68  8:02  Stalker x3, Probe x2  
  75  8:13  Pylon  
  75  8:16  Pylon  
  75  8:21  Probe  
  75  8:23  Gateway  
  75  8:25  Gateway, Adept x2  
  75  8:26  Adept  
  78  8:49  Adept x3  
  78  8:51  Probe x2  
  86  8:57  Gateway  
  86  9:02  Gateway  
  82  9:10  Stalker x3  
  82  9:16  Probe  
  88  9:17  Probe  
  88  9:18  Gateway  
  88  9:21  Gateway  
  90  9:24  Pylon  
  80  9:34  Stalker  
  80  9:35  Stalker x2  
  64  10:02  Adept x6, Pylon  
  64  10:03  Adept, Pylon  
  64  10:05  Pylon  
  76  10:19  Pylon  
  76  10:20  Pylon  
  76  10:23  Stalker x3  
  76  10:24  Stalker x4  
  76  10:26  Stalker  
  76  10:27  Stalker  
  94  10:42  Probe  
  94  10:46  Adept  
  94  10:47  Adept x4  
  94  10:48  Adept x2  
  109  10:50  Adept  
  109  10:52  Probe  
Tags
 
Add a new tag
Caveats
  • Supply blocks, unpowered buildings, or Contaminate may cause inaccurate times.
  • Supply counts are checked every 10 seconds.